 Dungeon Crawl Stone Soup version 0.31-a0-983-g7b6862f502 (webtiles) character file.

Game seed: 8658491499984634322

2444 voltaire321 the Firebug (level 9, -4/66 HPs)
             Began as a Demonspawn Fire Elementalist on Nov 2, 2023.
             Was an Initiate of Wu Jian.
             Slain by a wyvern (15 damage)
             ... on level 7 of the Dungeon.
             The game lasted 00:24:16 (6960 turns).

voltaire321 the Firebug (DsFE)                      Turns: 6960, Time: 00:24:17

Health: -4/66      AC:  4    Str: 13    XL:     9   Next: 25%
Magic:  8/16       EV: 14    Int: 16    God:    Wu Jian [......]
Gold:   441        SH:  6    Dex: 18    Spells: 11/17 levels left

rFire   . . .        y - +2 scimitar
rCold   . . .        (no shield)
rNeg    . . .        a - +0 robe
rPois   .            (helmet restricted)
rElec   +            (no cloak)
rCorr   .            (no gloves)
SInv    +            d - +1 pair of boots
Will    .....        j - amulet of regeneration
Stlth   ++           r - ring of wizardry
HPRegen 1.11/turn    k - ring "Noaladgh" {rElec Dex+4 SInv}
MPRegen 0.15/turn

%: wizardry (x1)
@: no status effects
A: antennae 1, large bone plates 2, demonic guardian 1
a: Renounce Religion


You were on level 7 of the Dungeon.
You worshipped Wu Jian.
Wu Jian was noncommittal.
You visited 2 branches of the dungeon, and saw 9 of its levels.

You collected 441 gold pieces.

Inventory:

Hand Weapons
 y - a +2 scimitar (weapon)
 z - a +4 morningstar of freezing
Armour
 a - a +0 robe (worn)
 d - a +1 pair of boots (worn)
 x - a +0 kite shield
Jewellery
 f - a ring of fire
 j - an amulet of regeneration (around neck)
 k - the ring "Noaladgh" (right hand) {rElec Dex+4 SInv}
   (You found it on level 6 of the Dungeon)

   [ring of see invisible]

   Dex+4:     It affects your dexterity (+4).
   rElec:     It insulates you from electricity.
   SInv:      It lets you see invisible.
 n - a ring of wizardry
 r - a ring of wizardry (left hand)
Wands
 w - a wand of flame (1)
Scrolls
 g - a scroll of poison
 i - a scroll of fear
 q - 2 scrolls of teleportation
 s - a scroll of enchant armour
 u - a scroll of vulnerability {unknown}
 A - 2 scrolls of identify
Potions
 b - 2 potions of lignification {unknown}
 c - 2 potions of cancellation
 e - 3 potions of curing
 h - a potion of haste {unknown}
 l - 2 potions of mutation {unknown}
 m - a potion of heal wounds {unknown}
 o - a potion of brilliance {unknown}
 p - a potion of enlightenment
 t - a potion of might {unknown}
 B - a potion of ambrosia {unknown}


   Skills:
 + Level 4.7 Fighting
 * Level 1.3 Long Blades
 + Level 4.2 Armour
 + Level 4.5 Dodging
 - Level 1.7 Stealth
 + Level 3.3 Shields
 + Level 4.6 Spellcasting
 + Level 4.7 Conjurations
 + Level 5.0 Fire Magic


You had 11 spell levels left.
You knew the following spells:

 Your Spells              Type           Power      Damage    Failure   Level
a - Scorch                Fire           38%        2d6       1%          2
c - Flame Wave            Conj/Fire      19%        2d7       9%          4

Your spell library contained the following spells:

 Spells                   Type           Power      Damage    Failure   Level
 Foxfire                  Conj/Fire      76%        2x1d7     1%          1
 Shock                    Conj/Air       44%        1d5       2%          1
 Apportation              Tloc           6%         N/A       6%          1
 Freeze                   Ice            12%        1d3       6%          1
 Necrotise                Necr           12%        1d4       6%          1
 Summon Small Mammal      Summ           12%        N/A       6%          1
 Inner Flame              Hex/Fire       11%        N/A       7%          3
 Volatile Blastmotes      Fire/Tloc      22%        2d11      7%          3
 Hailstorm                Conj/Ice       11%        3d5       8%          3
 Ensorcelled Hibernation  Hex/Ice        6%         N/A       10%         2
 Jinxbite                 Hex            6%         N/A       10%         2
 Sublimation of Blood     Necr           3%         N/A       10%         2
 Wereblood                Tmut           3%         N/A       10%         2
 Frozen Ramparts          Ice            6%         1d1       19%         3
 Ozocubu's Armour         Ice            3%         N/A       19%         3
 Swiftness                Air            3%         N/A       19%         3
 Airstrike                Air            1%         2d(1-17)  52%         4
 Anguish                  Hex/Necr       1%         N/A       52%         4
 Summon Ice Beast         Ice/Summ       3%         N/A       52%         4
 Summon Mana Viper        Hex/Summ       3%         N/A       85%         5
 Monstrous Menagerie      Summ           1%         N/A       100%        7
 Ozocubu's Refrigeration  Ice            1%         4d7       100%        7
 Summon Hydra             Summ           1%         N/A       100%        7
 Chain Lightning          Conj/Air       5%         3d7       100%        9
 Fire Storm               Conj/Fire      9%         8d3       100%        9
 Shatter                  Erth           1%         3d6*      100%        9


Dungeon Overview and Level Annotations

Branches:
Dungeon (8/15)             Temple (1/1) D:7
   Lair: D:8-11

Altars:
Ashenzari
Cheibriados
Dithmenos
Fedhas
Gozag
Hepliaklqana
Kikubaaqudgha
Makhleb
Okawaru
Qazlal
Ru
Sif Muna
Trog
Uskayaw
Wu Jian
Yredelemnul

Annotations:
D:5 1 runed translucent door, FakeRyeBread's ghost, novice GrFi


Innate Abilities, Weirdness & Mutations

You have a pair of small antennae on your head.
You are mostly covered in large bone plates. (SH +6)
A weak demonic guardian rushes to your aid.


Message History

The sky beast is almost dead.
The orc shouts!
You hear a shout!
You block the sky beast's attack.
An orc wizard comes into view. It is wielding a +0 dagger.
A wave of flame ripples out!
The flame wave engulfs the sky beast.
You kill the sky beast!
The Council accepts your kill.
The flame wave engulfs the bullfrog!
The bullfrog is moderately wounded.
The flame wave engulfs the wyvern.
The wyvern is lightly wounded.
You finish channelling waves of flame.
The wyvern bites you! The bullfrog hits you.
You slash the bullfrog!
The bullfrog is almost dead.
The bullfrog hits you. The wyvern bites you! The wyvern closely misses you.
The bullfrog hits you but does no damage.
The bullfrog closely misses you. The wyvern attacks as it pursues you!
The wyvern bites you but does no damage.
The orc barely misses you. The orc attacks as it pursues you!
You block the orc's attack. The bullfrog closely misses you.
The bullfrog attacks as it pursues you! The bullfrog misses you.
The orc attacks as it pursues you! You block the orc's attack.
There is a stone staircase leading up here.
The bullfrog closely misses you. The wyvern bites you!
* * * LOW HITPOINT WARNING * * *
You block the bullfrog's attack. The wyvern bites you!
* * * LOW HITPOINT WARNING * * *
A demonic guardian appears!
You climb upwards.
Your summoned ally is left behind.
There is a stone staircase leading down here.
You hit the bullfrog.
You kill the bullfrog!
The Council accepts your kill. The wyvern closely misses you.
You block the orc's attack. The wyvern barely misses you.
The wyvern attacks as it pursues you! You block the wyvern's attack.
The wyvern bites you!
You die...

##...................# ##
##...........#...#...######
##..........#.......#...#...
#.........#.....>.....#.....
##.#........#.......#...###.
###...#......#...#....###..
###..#....................
#...##.......#.#..........
##...#...@.......)........
#........ol...#...........
##......##..>..............
#..##...#...............###
#............###.........##
##...........###..........#
##...........#..........##
###........................
#...................##..#..


You could see a wyvern and an orc.

Vanquished Creatures
  Sigmund (D:6)
  Eustachio (D:6)
  A water moccasin (D:6)
  2 black bears (D:5)
  An ice beast (D:6)
  4 sky beasts
  2 ogres
  A centaur (D:7)
  A phantom (D:6)
  Blork the orc (D:6)
  A bullfrog (D:7)
  3 wights (D:6)
  A howler monkey (D:5)
  2 hounds (D:6)
  4 orc priests
  A sleepcap (D:7)
  3 iguanas
  6 orc wizards
  4 gnolls (D:2)
  10 adders
  2 white imps
  A worm (D:3)
  3 dart slugs
  21 orcs
  6 ball pythons
  7 endoplasms
  5 giant cockroaches
  7 goblins
  8 hobgoblins
  7 kobolds
  2 quokkas
  4 bats
  3 frilled lizards
  5 rats
131 creatures vanquished.

Vanquished Creatures (collateral kills)
  An orc priest (D:7)
1 creature vanquished.

Vanquished Creatures (others)
  A centaur (D:8)
  An orc wizard (D:8)
  24 foxfires
26 creatures vanquished.

Grand Total: 158 creatures vanquished

Notes
Turn   | Place    | Note
-------+----------+-------------------------------------------
     0 | D:1      | voltaire321 the Demonspawn Fire Elementalist began the
                  | quest for the Orb.
     0 | D:1      | Reached XP level 1. HP: 13/13 MP: 3/3
   164 | D:1      | Gained mutation: You are partially covered in large bone
                  | plates. (SH +4) [demonic ancestry]
   164 | D:1      | Reached XP level 2. HP: 20/20 MP: 3/5
   244 | D:1      | Learned a level 2 spell: Scorch
   756 | D:2      | Reached skill level 1 in Fighting
   775 | D:2      | Reached XP level 3. HP: 17/26 MP: 1/6
   852 | D:2      | Reached skill level 1 in Armour
  1096 | D:2      | Reached skill level 3 in Fire Magic
  1172 | D:2      | Gained mutation: A weak demonic guardian rushes to your
                  | aid. [demonic ancestry]
  1172 | D:2      | Reached XP level 4. HP: 32/32 MP: 1/7
  1412 | D:2      | Found a faded altar of an unknown god.
  1882 | D:2      | Reached XP level 5. HP: 38/38 MP: 1/8
  2089 | D:3      | Learned a level 4 spell: Flame Wave
  3067 | D:4      | Noticed an ogre
  3095 | D:4      | Killed an ogre
  3096 | D:4      | Gained mutation: You are mostly covered in large bone
                  | plates. (SH +6) [demonic ancestry]
  3096 | D:4      | Reached XP level 6. HP: 28/46 MP: 1/10
  3583 | D:5      | Entered Level 5 of the Dungeon
  3965 | D:5      | Noticed FakeRyeBread's ghost (novice GrFi)
  3966 | D:5      | Found a runed translucent door.
  4016 | D:5      | Found a basalt altar of Yredelemnul.
  4222 | D:5      | Reached skill level 1 in Shields
  4252 | D:5      | Reached XP level 7. HP: 26/51 MP: 4/11
  4783 | D:6      | Reached skill level 4 in Fire Magic
  5047 | D:6      | Identified the ring "Noaladgh" {rElec Dex+4 SInv}
  5136 | D:6      | Noticed Sigmund
  5147 | D:6      | Killed Sigmund
  5148 | D:6      | Reached XP level 8. HP: 53/58 MP: 10/13
  5473 | D:6      | Noticed Blork the orc
  5482 | D:6      | Killed Blork the orc
  5631 | D:6      | Noticed Eustachio
  5687 | D:6      | Killed Eustachio
  6269 | D:7      | Gained mutation: You have a pair of small antennae on your
                  | head. [demonic ancestry]
  6269 | D:7      | Reached XP level 9. HP: 62/66 MP: 4/15
  6487 | D:7      | Found a staircase to the Ecumenical Temple.
  6540 | Temple   | Entered the Ecumenical Temple
  6567 | Temple   | Became a worshipper of the Wu Jian Council
  6930 | D:8      | Reached skill level 1 in Long Blades
  6930 | D:8      | Reached skill level 5 in Fire Magic
  6960 | D:7      | Slain by a wyvern

Illustrated notes

Levels and vault maps discovered:
D:1:      roderic_crossed_star, layout_rooms, minmay_pentomino_x2
D:2:      layout_loops_corners, ebering_ecumenical_altar_rust
D:3:      layout_basic
D:4:      layout_loops_ring
D:5:      layout_basic, lemuel_doored_altar, hellmonk_ghost_happy_afterlife
D:6:      layout_loops_ring, uniq_sigmund, uniq_eustachio, uniq_blork_the_orc
D:7:      layout_cave_pools, minmay_temple_entry_sparse_star
D:8:      layout_cave_pools, nemelex_diamond_rough_becter, vehumet_statue,
          xom_confusion_cloud, minmay_crystal_water, serial_park_tiny_1
Temple:   nicolae_temple_bog_church

Skill      XL: |  1  2  3  4  5  6  7  8  9 |
---------------+----------------------------+-----
Fighting       | 1 2 3 4 |  4.7
Dodging        | 2 3 4 |  4.5
Armour         | 1 2 3 4 |  4.2
Fire Magic     | 3 4 5 |  5.0
Conjurations   | 2 3 4 |  4.7
Spellcasting   | 3 4 |  4.6
Shields        | 1 2 3 |  3.3
Long Blades    | 1 |  1.3
Stealth        | |  1.7

Action                     |  1- 3 |  4- 6 |  7- 9 || total
---------------------------+-------+-------+-------++-------
  Melee: Dagger            |    66 |    34 |       ||   100
         Punch             |     1 |     2 |       ||     3
         Spear             |       |    40 |    48 ||    88
         Morningstar       |       |       |     8 ||     8
         Scimitar          |       |       |    26 ||    26
   Cast: Foxfire           |    14 |     3 |       ||    17
         Scorch            |    23 |    64 |    58 ||   145
         Flame Wave        |       |       |     6 ||     6
Ability: Lunge             |       |       |     2 ||     2
  Evoke: Wand              |       |     4 |    14 ||    18
    Use: Scroll            |       |     6 |     6 ||    12
         Potion            |       |       |     1 ||     1
   Stab: Sleeping          |       |     4 |     1 ||     5
 Armour: Robe              |    34 |    60 |    79 ||   173
  Dodge: Dodged            |    49 |    43 |    68 ||   160
  Block: Other             |    13 |    32 |    33 ||    78

Table legend: (Time is in decaauts)
 A = Elapsed time spent in this place.
 B = Non-inter-level travel time spent in this place.
 C = Inter-level travel time spent in this place.
 D = Time resting spent in this place.
 E = Time spent auto-exploring this place.
 F = Levels seen in this place.
 G = Mean time per level.
                   A        B        C        D        E       F      G
               +--------+--------+--------+--------+--------+-----+--------+
         Total |   6980 |   6786 |    194 |   1129 |   4182 |   9 |  775.6 |
       Dungeon |   6918 |   6744 |    174 |   1129 |   4182 |   8 |  864.8 |
        Temple |     61 |     41 |     20 |      0 |      0 |   1 |   61.0 |
               +--------+--------+--------+--------+--------+-----+--------+

Top non-repeatable levels by time:
     D:6: 1480 daAuts
     D:2: 1379 daAuts
     D:5: 1175 daAuts
     D:4: 809 daAuts
     D:3: 723 daAuts
     D:1: 681 daAuts
     D:7: 609 daAuts
  Temple: 61 daAuts
     D:8: 58 daAuts
